3AAA
PORT ROYAL DISASTER @ ALASKAN HUMPBACKS
08/06/2024
 
TOP OF THE 1ST
Port Royal Disaster batting - Pitching for Alaskan Humpbacks : RHP Quintiliano Seixal
Pitching: RHP Quintiliano Seixal
Batting: RHB Sergio Martínez 0-0: Ball
1-0: Foul Ball, location: 2F
1-1: Foul Ball, location: 2F
1-2: Strikes out looking
Batting: LHB Frank Wentworth 0-0: Swinging Strike
0-1: Ball
1-1: Ball
2-1: DOUBLE (Flyball, 7LM)
Batting: LHB Jason Potter 0-0: Ball
1-0: Ball
2-0: Ball
3-0: Called Strike
3-1: Called Strike
3-2: Fly out, F9 (Flyball, 9LM)
Batting: RHB José Carlos Pérez 0-0: Ball
1-0: Swinging Strike
1-1: Ground out 4-3 (Groundball, 4)
Top of the 1st over - 0 run(s), 1 hit(s), 0 error(s), 1 left on base; Port Royal 0 - Alaskan 0
BOTTOM OF THE 1ST
Alaskan Humpbacks batting - Pitching for Port Royal Disaster : RHP Dennis Brown
Pitching: RHP Dennis Brown
Batting: RHB Juan García 0-0: Ground out 5-3 (Groundball, 56)
Batting: SHB Jorge Barrios 0-0: Called Strike
0-1: Ball
1-1: Ball
2-1: Ball
3-1: Foul Ball, location: 2F
3-2: Foul Ball, location: 2F
3-2: Base on Balls
Batting: RHB Roberto Escues 0-0: Ball
1-0: Foul Ball, location: 2F
Error on foul ball, E9
1-2: SINGLE (Groundball, 23) (infield hit)
Jorge Barrios to second
Batting: RHB Mal Bussard 0-0: Called Strike
0-1: Foul Ball, location: 2F
0-2: Foul Ball, location: 2F
0-2: Foul Ball, location: 2F
0-2: Ball
1-2: Ball
2-2: Ball
3-2: Fly out, F7 (Line Drive, 7D)
Batting: SHB Francisco Reyes 0-0: Foul Ball, location: 2F
0-1: Ball
1-1: Ball
2-1: Ground out U3 (Groundball, 3S)
Bottom of the 1st over - 0 run(s), 1 hit(s), 1 error(s), 2 left on base; Port Royal 0 - Alaskan 0
TOP OF THE 2ND
Port Royal Disaster batting - Pitching for Alaskan Humpbacks : RHP Quintiliano Seixal
Batting: RHB Juan Ávila 0-0: Ball
1-0: Ball
2-0: Ground out 4-3 (Groundball, 4)
Batting: RHB Ronnie Cleveland 0-0: Foul Ball, location: 2F
0-1: Ball
1-1: SINGLE (Flyball, 8RS)
Batting: LHB José Martínez 0-0: Ball
1-0: Ball
2-0: Swinging Strike
2-1: Foul Ball, location: 2F
2-2: Ground out 3-1 (Groundball, 34)
Ronnie Cleveland to second
Batting: RHB David McJannett 0-0: Foul Ball, location: 2F
0-1: Fly out, F8 (Flyball, 8RM)
Top of the 2nd over - 0 run(s), 1 hit(s), 0 error(s), 1 left on base; Port Royal 0 - Alaskan 0
BOTTOM OF THE 2ND
Alaskan Humpbacks batting - Pitching for Port Royal Disaster : RHP Dennis Brown
Batting: RHB Jared Smith 0-0: SINGLE (Groundball, 6MD)
Batting: LHB Gerald Holloway 0-0: Ball
1-0: Called Strike
1-1: Fly out, F8 (Flyball, 8LM)
Batting: RHB Michael Collins 0-0: Foul Ball, location: 2F
0-1: Ball
1-1: Ball
2-1: Ball
3-1: Base on Balls
Jared Smith to second
Batting: RHB Rodrigo Lugo 0-0: Swinging Strike
0-1: SINGLE (Groundball, 56D) (infield hit)
Jared Smith to third
Michael Collins to second
Batting: RHB Juan García 0-0: Ball
1-0: Ball
2-0: Foul Ball, location: 2F
2-1: Ball
3-1: Fly out, F9 (Flyball, 9M)
Batting: SHB Jorge Barrios 0-0: Called Strike
0-1: Called Strike
0-2: Ball
1-2: Strikes out looking
Bottom of the 2nd over - 0 run(s), 2 hit(s), 0 error(s), 3 left on base; Port Royal 0 - Alaskan 0
TOP OF THE 3RD
Port Royal Disaster batting - Pitching for Alaskan Humpbacks : RHP Quintiliano Seixal
Batting: RHB Mark O'Monaghan 0-0: Fly out, F4 (Popup, 4S)
Batting: RHB Sergio Martínez 0-0: Foul Ball, location: 2F
0-1: Foul Ball, location: 2F
0-2: Fly out, F8 (Flyball, 8RM)
Batting: LHB Frank Wentworth 0-0: Ground out 4-3 (Groundball, 4)
Top of the 3rd over - 0 run(s), 0 hit(s), 0 error(s), 0 left on base; Port Royal 0 - Alaskan 0
BOTTOM OF THE 3RD
Alaskan Humpbacks batting - Pitching for Port Royal Disaster : RHP Dennis Brown
Batting: RHB Roberto Escues 0-0: Ball
1-0: Foul Ball, location: 2F
1-1: Ball
2-1: Fly out, F8 (Flyball, 8LM)
Batting: RHB Mal Bussard 0-0: Foul Ball, location: 2F
0-1: Called Strike
0-2: Ball
1-2: Foul Ball, location: 2F
1-2: Ball
2-2: Ball
3-2: Base on Balls
Batting: SHB Francisco Reyes 0-0: Ball
1-0: DOUBLE (Flyball, 9M)
Mal Bussard to third
Batting: RHB Jared Smith 0-0: Swinging Strike
0-1: Foul Ball, location: 2F
0-2: Fly out, F9 (Line Drive, 9M)
0-2: Lined into DP, 9-5 (Line Drive, 9M)
Bottom of the 3rd over - 0 run(s), 1 hit(s), 0 error(s), 1 left on base; Port Royal 0 - Alaskan 0
TOP OF THE 4TH
Port Royal Disaster batting - Pitching for Alaskan Humpbacks : RHP Quintiliano Seixal
Batting: LHB Jason Potter 0-0: Ball
1-0: Swinging Strike
1-1: Ball
2-1: SINGLE (Line Drive, 6MD)
Batting: RHB José Carlos Pérez 0-0: Called Strike
0-1: Grounds into double play, 4-6-3 (Groundball, 4)
Batting: RHB Juan Ávila 0-0: Ball
1-0: Foul Ball, location: 2F
1-1: Called Strike
1-2: Strikes out swinging
Top of the 4th over - 0 run(s), 1 hit(s), 0 error(s), 0 left on base; Port Royal 0 - Alaskan 0
BOTTOM OF THE 4TH
Alaskan Humpbacks batting - Pitching for Port Royal Disaster : RHP Dennis Brown
Batting: LHB Gerald Holloway 0-0: Ball
1-0: Ball
2-0: Ball
3-0: Called Strike
3-1: Ground out 3-1 (Groundball, 34)
Batting: RHB Michael Collins 0-0: Foul Ball, location: 2F
0-1: Called Strike
0-2: Strikes out looking
Batting: RHB Rodrigo Lugo 0-0: Ball
1-0: Bunt for hit - play at first, batter OUT! 1-3
Bottom of the 4th over - 0 run(s), 0 hit(s), 0 error(s), 2 left on base; Port Royal 0 - Alaskan 0
TOP OF THE 5TH
Port Royal Disaster batting - Pitching for Alaskan Humpbacks : RHP Quintiliano Seixal
Batting: RHB Ronnie Cleveland 0-0: Ball
1-0: Ball
2-0: Swinging Strike
2-1: Ball
3-1: Foul Ball, location: 2F
3-2: Base on Balls
Batting: LHB José Martínez 0-0: Bunted foul
0-1: Bunted foul
0-2: Ball
1-2: Foul Ball, location: 2F
1-2: Grounds into double play, 6-4-3 (Groundball, 6)
Batting: RHB David McJannett 0-0: Called Strike
0-1: Swinging Strike
0-2: Foul Ball, location: 2F
0-2: Ground out 5-3 (Groundball, 5L)
Top of the 5th over - 0 run(s), 0 hit(s), 0 error(s), 0 left on base; Port Royal 0 - Alaskan 0
BOTTOM OF THE 5TH
Alaskan Humpbacks batting - Pitching for Port Royal Disaster : RHP Dennis Brown
Batting: RHB Juan García 0-0: Called Strike
0-1: Ball
1-1: Ball
2-1: Foul Ball, location: 2F
2-2: Foul Ball, location: 2F
2-2: Strikes out looking
Batting: SHB Jorge Barrios 0-0: Called Strike
0-1: Foul Ball, location: 2F
0-2: Ball
1-2: Ball
2-2: Ball
3-2: SINGLE (Groundball, 5D)
Batting: RHB Roberto Escues 0-0: Called Strike
0-1: Ball
1-1: Ball
2-1: Fly out, F6 (Line Drive, 6)
Batting: RHB Mal Bussard 0-0: Ball
Jorge Barrios is caught stealing 2nd base
Bottom of the 5th over - 0 run(s), 1 hit(s), 0 error(s), 0 left on base; Port Royal 0 - Alaskan 0
TOP OF THE 6TH
Port Royal Disaster batting - Pitching for Alaskan Humpbacks : RHP Quintiliano Seixal
Batting: RHB Mark O'Monaghan 0-0: Ball
1-0: Foul Ball, location: 2F
1-1: Foul Ball, location: 2F
1-2: Foul Ball, location: 2F
1-2: Foul Ball, location: 2F
1-2: Ball
2-2: SOLO HOME RUN (Flyball, 7D), Distance : 394 ft
Batting: RHB Sergio Martínez 0-0: Called Strike
0-1: Called Strike
0-2: Ball
1-2: Foul Ball, location: 2F
1-2: Reached on error, E4 (Groundball, 4M)
Batting: LHB Frank Wentworth 0-0: Called Strike
0-1: Swinging Strike
0-2: Strikes out swinging
Batting: LHB Jason Potter 0-0: Intentional Walk
Batting: RHB José Carlos Pérez 0-0: Ball
1-0: Called Strike
1-1: Swinging Strike
1-2: Ball
2-2: Ball
3-2: Base on Balls
Sergio Martínez to third
Jason Potter to second
Pitching: RHP Jim Unknown
Batting: RHB Juan Ávila 0-0: Ball
1-0: Foul Ball, location: 2F
1-1: DOUBLE (Flyball, 8RXD)
Sergio Martínez scores
Jason Potter scores
José Carlos Pérez to third
Batting: RHB Ronnie Cleveland 0-0: Ball
1-0: Called Strike
1-1: Ball
2-1: Swinging Strike
2-2: Ball
3-2: Base on Balls
Batting: LHB José Martínez 0-0: Called Strike
0-1: Ball
1-1: Fly out, F7 (Flyball, 7LS)
Batting: RHB David McJannett 0-0: Ball
1-0: Ball
2-0: Ball
3-0: Called Strike
3-1: Called Strike
3-2: Fly out, F8 (Flyball, 8LS)
Top of the 6th over - 3 run(s), 2 hit(s), 1 error(s), 3 left on base; Port Royal 3 - Alaskan 0
BOTTOM OF THE 6TH
Alaskan Humpbacks batting - Pitching for Port Royal Disaster : RHP Dennis Brown
Batting: RHB Mal Bussard 0-0: Ball
1-0: Swinging Strike
1-1: Foul Ball, location: 2F
1-2: Strikes out swinging
Batting: SHB Francisco Reyes 0-0: Ball
1-0: Swinging Strike
1-1: Called Strike
1-2: SINGLE (Groundball, 25) (infield hit)
Batting: RHB Jared Smith 0-0: Called Strike
0-1: Ball
1-1: Ball
2-1: Ball
3-1: SINGLE (Groundball, 6MD)
Francisco Reyes to second
Pitching: LHP António Venegas
Batting: LHB Gerald Holloway 0-0: Called Strike
Francisco Reyes steals 3rd base
Jared Smith to second
0-1: Ball
1-1: SINGLE (Groundball, 4MD)
Francisco Reyes scores
Jared Smith to third
Runner from 3rd tries for Home, SAFE, throw made home
Gerald Holloway to second
Batting: RHB Michael Collins 0-0: Called Strike
0-1: Swinging Strike
0-2: Fly out, F7 (Line Drive, 7M)
Batting: RHB Rodrigo Lugo 0-0: DOUBLE (Line Drive, 5D)
Gerald Holloway scores
Batting: RHB Juan García 0-0: Called Strike
0-1: Fly out, F8 (Flyball, 89M)
Bottom of the 6th over - 3 run(s), 4 hit(s), 0 error(s), 1 left on base; Port Royal 3 - Alaskan 3
TOP OF THE 7TH
Port Royal Disaster batting - Pitching for Alaskan Humpbacks : RHP Jim Unknown
Pinch Hitting: RHB David Gómez 0-0: Ball
1-0: Foul Ball, location: 2F
1-1: Called Strike
1-2: Ball
2-2: Ball
3-2: Foul Ball, location: 2F
3-2: Base on Balls
Batting: RHB Sergio Martínez 0-0: Bunted foul
0-1: Bunted foul
0-2: Foul Ball, location: 2F
0-2: Fly out, F8 (Flyball, 8RM)
Batting: LHB Frank Wentworth 0-0: Called Strike
0-1: SINGLE (Line Drive, 78S)
David Gómez to second
Batting: LHB Jason Potter 0-0: Fly out, F7 (Flyball, 78XD)
Runner from 2nd tags up, SAFE at 3rd, no throw
Batting: RHB José Carlos Pérez 0-0: Fly out, F4 (Popup, 34)
Top of the 7th over - 0 run(s), 1 hit(s), 0 error(s), 2 left on base; Port Royal 3 - Alaskan 3
BOTTOM OF THE 7TH
Alaskan Humpbacks batting - Pitching for Port Royal Disaster : LHP António Venegas
Now in LF: David Gómez
Batting: SHB Jorge Barrios 0-0: Called Strike
0-1: Ball
1-1: Foul Ball, location: 2F
1-2: Ball
2-2: Foul Ball, location: 2F
2-2: Ball
3-2: Foul Ball, location: 2F
3-2: Foul Ball, location: 2F
3-2: Ground out 5-3 (Groundball, 56S)
Batting: RHB Roberto Escues 0-0: Ball
1-0: Foul Ball, location: 2F
1-1: Foul Ball, location: 2F
1-2: Ball
2-2: Ball
3-2: Ground out 5-3 (Groundball, 5S)
Batting: RHB Mal Bussard 0-0: Ball
1-0: Ball
2-0: Called Strike
2-1: Swinging Strike
2-2: Foul Ball, location: 2F
2-2: Strikes out swinging
Bottom of the 7th over - 0 run(s), 0 hit(s), 0 error(s), 0 left on base; Port Royal 3 - Alaskan 3
TOP OF THE 8TH
Port Royal Disaster batting - Pitching for Alaskan Humpbacks : RHP Jim Unknown
Batting: RHB Juan Ávila 0-0: Ball
1-0: Foul Ball, location: 2F
1-1: Foul Ball, location: 2F
1-2: Ball
2-2: Ball
3-2: Reached on error, E6 (Groundball, 6)
Batting: RHB Ronnie Cleveland 0-0: Swinging Strike
0-1: Swinging Strike
0-2: Ball
1-2: Ball
2-2: Ball
3-2: Strikes out swinging
Batting: LHB José Martínez 0-0: Ball
Wild Pitch!
Juan Ávila to second
1-0: Swinging Strike
1-1: Ball
2-1: Ground out 4-3 (Groundball, 4)
Juan Ávila to third
Batting: RHB David McJannett 0-0: Foul Ball, location: 2F
0-1: Ball
1-1: Called Strike
1-2: Ball
2-2: Ball
3-2: Base on Balls
Batting: RHB David Gómez Pickoff Throw to First - Out!
Top of the 8th over - 0 run(s), 0 hit(s), 1 error(s), 0 left on base; Port Royal 3 - Alaskan 3
BOTTOM OF THE 8TH
Alaskan Humpbacks batting - Pitching for Port Royal Disaster : LHP António Venegas
Batting: SHB Francisco Reyes 0-0: Ball
1-0: Ball
2-0: Ball
3-0: Base on Balls
Pinch Hitting: RHB Thomas Vaughan 0-0: Ball
1-0: Called Strike
1-1: Ball
2-1: Bunted foul
2-2: Foul Ball, location: 2F
2-2: Foul Ball, location: 2F
2-2: Strikes out swinging
Pinch Hitting: RHB Tommy Stanley 0-0: Ball
1-0: Grounds into double play, 6-4-3 (Groundball, 6)
Bottom of the 8th over - 0 run(s), 0 hit(s), 0 error(s), 0 left on base; Port Royal 3 - Alaskan 3
TOP OF THE 9TH
Port Royal Disaster batting - Pitching for Alaskan Humpbacks : RHP Jim Unknown
Pitching: RHP Jim Unknown
Now in LF: Tommy Stanley
Now in RF: Tony Martínez
Batting: RHB David Gómez 0-0: Called Strike
0-1: Foul Ball, location: 2F
0-2: Foul Ball, location: 2F
0-2: SINGLE (Groundball, 6M)
Pinch Hitting: SHB Arsenio Sameiro 0-0: Bunted foul
0-1: Foul Ball, location: 2F
0-2: Strikes out swinging
Batting: LHB Frank Wentworth 0-0: Ball
1-0: Ball
2-0: Ball
3-0: Base on Balls
David Gómez to second
Batting: LHB Jason Potter 0-0: Ball
1-0: Ball
2-0: Ball
3-0: Called Strike
3-1: Base on Balls
David Gómez to third
Frank Wentworth to second
Batting: RHB José Carlos Pérez 0-0: Ball
1-0: Ball
2-0: Called Strike
2-1: Ball
3-1: Base on Balls
David Gómez scores
Frank Wentworth to third
Jason Potter to second
Batting: RHB Juan Ávila 0-0: Ball
1-0: Called Strike
1-1: Ball
2-1: Foul Ball, location: 2F
2-2: Fly out, F7 (Flyball, 7D)
Runner from 3rd tags up, SCORES, no throw
Batting: RHB Ronnie Cleveland 0-0: Called Strike
0-1: Ball
1-1: Fly out, F8 (Flyball, 8LS)
Top of the 9th over - 2 run(s), 1 hit(s), 0 error(s), 2 left on base; Port Royal 5 - Alaskan 3
BOTTOM OF THE 9TH
Alaskan Humpbacks batting - Pitching for Port Royal Disaster : LHP António Venegas
Pitching: LHP Jim Unknown
Now at SS: Nelson Sanders
Batting: RHB Michael Collins 0-0: Called Strike
0-1: Fly out, F7 (Line Drive, 78M)
Batting: RHB Rodrigo Lugo 0-0: Called Strike
0-1: Foul Ball, location: 2F
0-2: Ground out 6-3 (Groundball, 6M)
Batting: RHB Juan García 0-0: Ball
1-0: Called Strike
1-1: Called Strike
1-2: Fly out, F9 (Flyball, 89D)
Bottom of the 9th over - 0 run(s), 0 hit(s), 0 error(s), 0 left on base; Port Royal 5 - Alaskan 3
This league is powered by Out of the Park Baseball, the baseball management simulation game for PC, Mac and Linux
Monday, October 3rd, 2016 - OOTP Baseball 16.9 Build 39